[Event "Late-Titled-Tuesday-Blitz-March-26-2024"]
[Site "Chess.com"]
[Date "2024.03.26"]
[Round "11"]
[White "David_ATM"]
[Black "dolynachess"]
[Result "1/2-1/2"]
[WhiteElo "2391"]
[BlackElo "2508"]
[TimeControl "180+1"]
[EndTime "16:05:30 PDT"]
[Termination "Game drawn by repetition"]

1. e4 c5 2. c3 d6 3. d4 cxd4 4. cxd4 f6 5. Nf3 e5 6. dxe5 dxe5 7. Qxd8+ Kxd8 8. Nc3 Bb4 9. Bd2 Bxc3 10. Bxc3 Nc6 11.
Bb5 Nge7 12. O-O Be6 13. a3 a6 14. Ba4 Kc7 15. Rac1 b5 16. Bc2 Rhd8 17. Rfe1 Kb6 18.
Bd2 Bg4 19. Be3+ Kb7 20. Nd2 Be6 21. Nb3 Bxb3 22. Bxb3 Nd4 23. Bf7 Rac8 24. Kf1 Nc2 25. Red1 Nxe3+ 26. fxe3 Rxc1 27. Rxc1 Rd2 28. b4 Kb6 29. h3 Rd3 30. Kf2 Rxa3 31. Rd1 Nc6 32. Rd7 Nxb4 33. Bg8 Nd3+ 34. Ke2 Nc5 35. Rxg7 Nxe4 36.
g4 b4 37. Rxh7 b3 38. Kd3 Nc5+ 39. Kc3 a5 40. h4 a4 41. h5 Ra2 42. Rh8 Rc2+ 43. Kb4 b2 44. Ba2 Rc1 45. Ka3 b1=Q 46. Bxb1 Rxb1 47. h6 Rb3+ 48. Ka2 Rxe3 49. h7 Rh3 50. Rb8+ Kc6 51. h8=Q Rxh8 52. Rxh8 Kd5 53. Rh6 Ne4 54. Ka3 Kd4 55. Kxa4 Ke3 56. Kb4 Kf4 57.
Kc4 Kxg4 58. Kd3 Kf5 59. Rh5+ Ng5 60. Ke3 Kg4 61. Rh8 f5 62. Ra8 f4+ 63. Kf2 e4 64.
Ra4 e3+ 65. Ke2 Nh3 66. Ra8 Ng5 67. Rg8 Kf5 68. Rf8+ Kg4 69. Rg8 Kh4 70. Rh8+ Kg4 71.
Rg8 1/2-1/2

[Event "Late-Titled-Tuesday-Blitz-March-26-2024"]
[Site "Chess.com"]
[Date "2024.03.26"]
[Round "11"]
[White "MyDream003"]
[Black "sergiochess83"]
[Result "1/2-1/2"]
[WhiteElo "2816"]
[BlackElo "2992"]
[TimeControl "180+1"]
[EndTime "16:05:39 PDT"]
[Termination "Game drawn by repetition"]

1. e4 e6 2. d4 d5 3. Nd2 c5 4. Ngf3 cxd4 5. exd5 Qxd5 6. Bc4 Qd6 7. O-O Nf6 8. Nb3 Nc6 9. Nbxd4 Nxd4 10. Nxd4 a6 11.
c3 Bd7 12. Qe2 Be7 13. Bg5 Qc5 14. Be3 Qc7 15. Bb3 O-O 16. h3 Rfe8 17. Rad1 Rad8 18. Rfe1 h6 19. Qf3 a5 20. Bc2 b5 21. Bf4 Qb6 22. Be5 b4 23. Qd3 Kf8 24. Qg3 Bc8 25. Bc7 Qc5 26.
Bxd8 Rxd8 27. Nb3 Qb6 28. Rxd8+ Bxd8 29. cxb4 Qxb4 30. Rd1 Bb6 31. Qd6+ Qxd6 32. Rxd6 Nd5 33. Rc6 Bd7 34. Rc4 Ke7 35. Re4 f5 36. Re1 Kd6 37. a3 g5 38. Nd2 Bb5 39. Bb3 Bd4 40. Bc4 Bc6 41. Bxd5 Bxd5 42. Rb1 Kc5 43. b4+ axb4 44.
axb4+ Kb5 45. Nb3 Bc3 46. Nc5 Kc4 47. Nd7 Bxb4 48. Nb6+ Kc5 49. Nxd5 exd5 50. Kf1 d4 51. Ke2 Kc4 52. Rd1 h5 53. Rd3 g4 54. hxg4 hxg4 55. f3 Bd6 56. fxg4 fxg4 57. Kd2 Bf4+ 58. Kc2 Be3 59. Rd1 g3 60. Rd3 Kd5 61. Rd1 Ke4 62. Rf1 Bf2 63. Kd2 Be3+ 64. Ke2 d3+ 65. Kd1 Bf2 66. Rh1 Bd4 67. Rf1 Bf2 68. Rh1 Bd4 69. Kd2 Be3+ 70. Kc3 Bd4+ 71. Kd2 Be3+ 72. Kd1 Bd4 1/2-1/2

[Event "Late-Titled-Tuesday-Blitz-March-26-2024"]
[Site "Chess.com"]
[Date "2024.03.26"]
[Round "11"]
[White "IsuruAlahakoon"]
[Black "newauto"]
[Result "0-1"]
[WhiteElo "2346"]
[BlackElo "2219"]
[TimeControl "180+1"]
[EndTime "16:05:51 PDT"]
[Termination "newauto won on time"]

1. Nf3 c6 2. d4 d5 3. e3 Nf6 4. Bd3 Bg4 5. Nbd2 e6 6. O-O Nbd7 7. b3 Bb4 8. h3 Bxd2 9. hxg4 Bc3 10. Rb1 Nxg4 11.
Ba3 Qa5 12. Qc1 Bb4 13. Bb2 O-O 14. e4 dxe4 15. Bxe4 Ngf6 16. Bd3 Rac8 17. c3 Bd6 18. b4 Qh5 19. Be2 Ng4 20. Qg5 Qxg5 21. Nxg5 Ngf6 22.
f4 h6 23. Nh3 b5 24. g4 Nd5 25. g5 a5 26. gxh6 gxh6 27. a3 Kh8 28. Kh1 Rg8 29.
f5 Ne3 30. Rf3 Nxf5 31. Rg1 Nf6 32. Bc1 Ne4 33. Bd3 Neg3+ 34. Kg2 Ne2+ 35. Kf2 Nxg1 36.
Nxg1 Bg3+ 37. Kf1 Bh2 38. Ne2 Ng3+ 39. Nxg3 Rxg3 40. Rxg3 Bxg3 41. Bxh6 Bd6 42. Kf2 axb4 43. axb4 Ra8 44. Be4 Ra3 45. Bd2 Ra2 46. Ke1 Bg3+ 47.
Kd1 Ra6 48. Ke2 Kg7 49. Kd3 f5 50. Bf3 Kf6 51. Bh6 f4 52. Bf8 Ra3 53. Bd6 Ra6 54. Be5+ Kf5 55. c4 bxc4+ 56. Kxc4 Ra3 57. Bxc6 f3 58. b5 Bxe5 59. dxe5 f2 60. Bg2 Ra1 61. b6 Rb1 62. Kc5 Kxe5 63. Kc6 Kf4 64. b7 e5 65. Bf1 e4 66. Bb5 Rc1+ 67. Kd6 Rd1+ 68. Kc7 Rb1 69. Kc6 Rb2 70. b8=Q+ Ke3 71. Qb6+ Kf3 0-1

[Event "Late-Titled-Tuesday-Blitz-March-26-2024"]
[Site "Chess.com"]
[Date "2024.03.26"]
[Round "11"]
[White "Quattroporte300"]
[Black "Bkmzzzzz"]
[Result "1-0"]
[WhiteElo "2485"]
[BlackElo "2384"]
[TimeControl "180+1"]
[EndTime "16:06:01 PDT"]
[Termination "Quattroporte300 won on time"]

1. e4 d6 2. d4 Nf6 3. Bd3 e5 4. Nf3 Nbd7 5. c3 Be7 6. O-O O-O 7. Re1 c6 8. Nbd2 a5 9. a4 Qc7 10. Nf1 Re8 11. Ng3 Bf8 12. h3 d5 13. dxe5 Nxe5 14. Nxe5 Qxe5 15. f4 Qc7 16. e5 Nd7 17. Be3 g6 18.
Qf3 Bg7 19. h4 h5 20. Rad1 b6 21. Nxh5 gxh5 22. Qxh5 Nf8 23. g4 Qd7 24. Bf5 Qe7 25.
Qg5 Qxg5 26. hxg5 Rb8 27. Kg2 Ng6 28. Kg3 Ne7 29. Bd3 Bd7 30. Bf2 c5 31. f5 Nc6 32. f6 Nxe5 33. fxg7 Kxg7 34. Bf5 Bxa4 35. Rxd5 Ng6 36. Rxe8 Rxe8 37. Rd6 Rb8 38. Be3 Bb3 39.
Kf3 a4 40. Rd7 c4 41. Ra7 b5 42. Be6 Rf8 43. Bd5 Bc2 44. Rb7 Ne5+ 45. Kg3 Nd3 46.
Rxb5 Rd8 47. Bxc4 Ne5 48. Ba2 Ng6 49. Rb7 Rf8 50. Bd4+ Kg8 51. Bd5 Bd1 52. Ra7 Bc2 53. Bc6 Rb8 54. Bd5 Rf8 55. Ra6 Rb8 56. Rxg6+ Kf8 57.
Rb6 Rc8 58. Ra6 a3 59. Rxa3 Rb8 60. Ra7 Rxb2 61. Ra8+ Ke7 62. Bf6+ Kd6 63. Bxf7 Rb1 64. g6 Bxg6 65. Bxg6 Rd1 66. g5 Kc5 67. Kf4 Kc4 68.
Bf7+ Kc5 69. g6 Rf1+ 70. Kg5 Rg1+ 71. Kh6 Rh1+ 72. Kg7 Kd6 73. Rd8+ Kc7 74. Rd3 Kc6 75. Rf3 Kd6 76. Bg8 Kd7 77. Kf8 Re1 78. g7 Re2 79. Rd3+ Kc6 80. Bd5+ Kd6 81. g8=Q 1-0

[Event "Late-Titled-Tuesday-Blitz-March-26-2024"]
[Site "Chess.com"]
[Date "2024.03.26"]
[Round "11"]
[White "giovannibrandao7"]
[Black "katharinareinecke"]
[Result "1-0"]
[WhiteElo "2160"]
[BlackElo "1992"]
[TimeControl "180+1"]
[EndTime "16:06:09 PDT"]
[Termination "giovannibrandao7 won by resignation"]

1. d4 d5 2. c4 c6 3. Nf3 Nf6 4. g3 Bg4 5. Bg2 e6 6. O-O Be7 7. Nc3 Nbd7 8. Qc2 Bf5 9. Qb3 Qb6 10. Bf4 O-O 11. Ne5 Nxe5 12. Bxe5 Nd7 13. cxd5 exd5 14.
e4 Qxb3 15. axb3 dxe4 16. Bxe4 Bxe4 17. Nxe4 Nxe5 18. dxe5 Rfd8 19. Rad1 f6 20. exf6 Bxf6 21. Nxf6+ gxf6 22. Kg2 Kf7 23. Kf3 Re8 24. Rd7+ Re7 25.
Rfd1 Re8 26. Kf4 Rxd7 27. Rxd7+ Re7 28. Rd6 a5 29. Rd8 Kg6 30. h4 Re2 31. f3 Rxb2 32.
Rd3 b5 33. g4 a4 34. h5+ Kf7 35. bxa4 bxa4 36. Rd7+ Kg8 37. Ra7 Rb4+ 38. Kf5 c5 39. h6 c4 40. Kxf6 Rb6+ 41. Ke5 c3 42. Rxa4 Rc6 43. Ra1 c2 44. Rc1 Kf7 45. Ke4 Kg6 46. Kd3 Kxh6 47. Rxc2 Rd6+ 48. Ke4 Kg6 49. Rh2 Re6+ 50.
Kf4 Rf6+ 51. Kg3 Rc6 52. Rh5 Rc3 53. Re5 Ra3 54. Rc5 Rb3 55. Rc6+ Kg7 56. Kf4 Rb4+ 57. Kg5 Rb5+ 58. Kh4 Rb4 59. Re6 Kf7 60. Re3 Kg6 61.
Re4 Rb3 62. f4 Rb1 63. Re6+ Kg7 64. Re7+ Kg6 65. Rb7 Rf1 66. f5+ Kf6 67. g5+ Kxf5 68. Rf7+ Kg6 69. Rxf1 h6 70. Kg4 hxg5 71. Re1 Kf6 72.
Rc1 Kg6 73. Rc5 Kf6 74. Rxg5 Ke6 75. Rf5 Kd6 76. Kg5 Ke6 77. Kg6 Kd6 78. Kf6 Kc6 79.
Re5 Kd7 80. Kf5 Kd6 81. Kf6 Kd7 82. Re6 Kc7 83. Ke5 Kd7 84. Kd5 Kc7 85. Rd6 Kb7 86. Kc5 1-0

[Event "Late-Titled-Tuesday-Blitz-March-26-2024"]
[Site "Chess.com"]
[Date "2024.03.26"]
[Round "11"]
[White "Boundless_Strike"]
[Black "AnthonyWirig"]
[Result "1/2-1/2"]
[WhiteElo "2630"]
[BlackElo "2807"]
[TimeControl "180+1"]
[EndTime "16:06:22 PDT"]
[Termination "Game drawn by repetition"]

1. d4 Nf6 2. Nc3 d5 3. e4 Nxe4 4. Nxe4 dxe4 5. Be3 c6 6. f3 e5 7. dxe5 Qxd1+ 8. Rxd1 Bf5 9. g4 Be6 10. Bg2 exf3 11.
Nxf3 Nd7 12. O-O Bc5 13. Bxc5 Nxc5 14. Ng5 Ke7 15. b4 Na4 16. Nxe6 fxe6 17. c4 Rad8 18. c5 Rxd1 19. Rxd1 Nc3 20. Rd2 Rd8 21. Rxd8 Kxd8 22. a3 Nb1 23. Be4 Nxa3 24. Bxh7 g5 25. h4 gxh4 26.
g5 Ke7 27. Kh2 Nc4 28. Kh3 Nxe5 29. Kxh4 Kf7 30. Be4 Nd7 31. Kh5 Kg7 32. Bf3 a5 33. bxa5 Nxc5 34. Kg4 Nb3 35. Bxc6 Nxa5 36. Bd7 Kf7 37. g6+ Kxg6 38. Bxe6 Kf6 39. Bc8 b6 40. Kf4 Ke7 41. Ke5 Kd8 42. Be6 Kc7 43. Bd5 Nc6+ 44. Ke4 Kd6 45. Bg8 Kc5 46. Kd3 Kb4 47. Kc2 Ne7 48. Bf7 Nf5 49. Kd3 Nd6 50. Be6 Ka3 51. Bd7 Kb4 52. Kd4 Nb5+ 53. Kd3 Kc5 54. Be8 Nd6 55. Bd7 Nb7 56. Be8 Kb4 57. Kd2 Nc5 58.
Ke3 Ne6 59. Bd7 Nc7 60. Bc6 Kc5 61. Bd7 Nd5+ 62. Kd2 Nb4 63. Be8 Nc6 64. Kc3 Nd4 65. Kd3 Ne6 66. Kc3 Nf4 67. Kb2 Kb4 68. Kc2 Ne6 69.
Bd7 Nc7 70. Bc6 Kc5 71. Ba4 Na6 72. Kd2 Nc7 73. Bd7 Nd5 74. Be8 Kd4 75. Ba4 Kc4 76. Be8 Nc3 77. Kc2 Nd5 78. Bd7 Nb4+ 79. Kb2 Kc5 80. Be8 Nc6 81. Kc3 Na7 82. Bd7 Nb5+ 83. Bxb5 Kxb5 84. Kb3 Ka5 85. Ka3 Kb5 86. Kb3 Kc5 87. Kc3 Kc6 88. Kc4 Kb7 89. Kb5 Ka7 90. Kb4 Ka6 91. Ka4 b5+ 92. Kb4 Kb6 93. Kb3 Kc5 94.
Kc3 Kc6 95. Kb4 Kb6 96. Kb3 Ka5 97. Ka3 b4+ 98. Kb3 Kb5 99. Kb2 Kc4 100. Kc2 Kc5 101. Kb3 Kb5 102. Kb2 Ka4 103. Ka2 b3+ 104. Kb2 Kb4 105. Kb1 Kc4 106. Kb2 Kb4 107. Kb1 Ka4 108. Kb2 Kb4 1/2-1/2

[Event "Late-Titled-Tuesday-Blitz-March-26-2024"]
[Site "Chess.com"]
[Date "2024.03.26"]
[Round "11"]
[White "kingofthenil"]
[Black "Msb2"]
[Result "1/2-1/2"]
[WhiteElo "2800"]
[BlackElo "3013"]
[TimeControl "180+1"]
[EndTime "16:06:58 PDT"]
[Termination "Game drawn by 50-move rule"]

1. Nf3 d5 2. e3 Nf6 3. c4 e6 4.
b3 Bd6 5. Bb2 O-O 6. Nc3 c5 7. cxd5 exd5 8. d4 Nc6 9. Be2 cxd4 10. Nxd4 Nxd4 11. Qxd4 Re8 12. O-O Be5 13. Qd2 d4 14. exd4 Qxd4 15. Qxd4 Bxd4 16. Bf3 Rd8 17. h3 Rb8 18. Rfd1 Be6 19. Rd2 Be5 20. Rad1 Rxd2 21. Rxd2 h6 22. Nb5 Bxb2 23. Rxb2 a6 24. Nd6 b5 25.
Rc2 Nd5 26. Rc5 Nb4 27. a3 Nd3 28. Rc3 Ne5 29. Bb7 Rd8 30. Ne4 a5 31. Rc5 Rb8 32. Rxe5 Rxb7 33. Nc5 Rb6 34. Nxe6 fxe6 35. b4 a4 36. Kf1 Rc6 37. Rxb5 Rc3 38. Ra5 Rxa3 39. b5 Kf7 40. b6 Rb3 41. Rxa4 Rb1+ 42. Ke2 Rxb6 43. Ra7+ Kf6 44. Kf3 Rb3+ 45. Ke2 Rc3 46. Rd7 Ra3 47. Rd3 Ra2+ 48. Rd2 Ra5 49. Kf3 g5 50. g4 Ra3+ 51. Kg2 Ra4 52. Rd3 Ra6 53. Kg3 Kg6 54. Re3 h5 55. gxh5+ Kxh5 56. f4 gxf4+ 57. Kxf4 Kg6 58. Ke5 Kf7 59. Rb3 Ra5+ 60. Kf4 Kf6 61. Kg3 e5 62. Rf3+ Ke6 63. h4 e4 64. Rf8 Ra1 65.
Kf2 Ra3 66. Ke2 Rh3 67. Re8+ Kd5 68. Rd8+ Kc5 69. Rc8+ Kd6 70. Rd8+ Kc6 71. Re8 Rxh4 72. Ke3 Kd5 73. Rd8+ Kc5 74. Rc8+ Kd6 75. Rd8+ Kc6 76. Rc8+ Kd7 77. Rc4 Kd6 78. Rxe4 Rh3+ 79. Kd2 Rh1 80. Re1 Rh4 81. Kd3 Kd5 82. Re3 Ra4 83. Ke2 Kd4 84. Rd3+ Ke4 85. Re3+ Kf4 86. Rf3+ Kg4 87. Re3 Rd4 88.
Rd3 Rb4 89. Ke3 Kg3 90. Rd4 Rb1 91. Rd3 Rb2 92. Rd2 Rb8 93. Rd4 Ra8 94. Ke4 Kg4 95. Ke5+ Kg5 96. Ke4 Ra3 97. Rd3 Ra1 98. Rd4 Rh1 99. Kd5 Kf5 100. Kc4 Rc1+ 101. Kd3 Ra1 102. Rd5+ Kf4 103. Rd4+ Kf3 104. Kc4 Ra8 105. Kd5 Rc8 106. Rc4 Rb8 107. Rc3+ Kf4 108. Rc4+ Kf5 109. Rc3 Rd8+ 110. Kc4 Ke4 111. Rc2 Rc8+ 112. Kb3 Rb8+ 113. Kc3 Ke3 114. Rh2 Rc8+ 115. Kb4 Rc1 116. Rh3+ Kd4 117. Rh4+ Ke5 118. Rh5+ Kf6 119. Rh4 Rb1+ 120. Kc5 Rc1+ 121. Rc4 Rg1 122. Rf4+ Ke5 123. Rf2 Rg5 124. Kb4 Kd4 125. Rd2+ Ke3 126. Rd8 Rg4+ 127. Kc5 Rg7 128. Rc8 1/2-1/2